 Dungeon Crawl Stone Soup version 0.27-a0-686-gaed091b46b (webtiles) character file.

Game seed: 12796088956676151934

6 jasper the Sneak (level 1, -2/18 HPs)
             Began as a Demonspawn Delver on Mar 21, 2021.
             Killed from afar by an orc wizard (13 damage)
             ... with a puff of flame
             ... on level 4 of the Dungeon.
             The game lasted 00:01:41 (857 turns).

jasper the Sneak (Demonspawn Delver)                 Turns: 857, Time: 00:01:42

Health: -2/18      AC:  3    Str: 12    XL:     1   Next: 75%
Magic:  1/1        EV: 11    Int: 11    God:
Gold:   20         SH:  0    Dex: 14    Spells: 0/0 levels left

rFire    . . .     SeeInvis .   a - +0 falchion
rCold    . . .     Faith    .   (no shield)
rNeg     . . .     Spirit   .   b - +0 leather armour
rPois    .         Reflect  .   (no helmet)
rElec    .         Harm     .   (no cloak)
rCorr    .         Rampage  .   (no gloves)
Will     .....                  (no boots)
Stlth    +.........             (no amulet)
HPRegen  0.06/turn              (no ring)
MPRegen  0.07/turn              (no ring)

@: confused
A: no striking features
a: no special abilities


You were on level 4 of the Dungeon.
You visited 1 branch of the dungeon, and saw 3 of its levels.

You collected 20 gold pieces.

Inventory:

Hand Weapons
 a - a +0 falchion (weapon)
Missiles
 i - 47 stones (quivered)
Armour
 b - a +0 leather armour (worn)
 h - a +0 ring mail
Wands
 g - a wand of digging (3)
Scrolls
 c - a scroll of fog
 d - 2 scrolls of magic mapping
 e - a scroll of fear
 f - a scroll of teleportation {unknown}
 j - 2 scrolls of torment {unknown}
 k - a scroll of amnesia {unknown}


   Skills:
 - Level 3.0 Fighting
 + Level 2.3 Long Blades
 - Level 1.7 Dodging
 - Level 4.5 Stealth


You couldn't memorise any spells.
You didn't know any spells.
Your spell library was empty.

Dungeon Overview and Level Annotations

Branches:
Dungeon (6/15)             Temple (0/1) D:6

Altars:
The Shining One

Shops:
D:4 :

Annotations:
D:4 exclusion: door
D:5 Dowan


Message History

You throw a stone. The stone hits the adder.
The adder is lightly wounded.
You close the door.
Press: ? - help, v - describe, . - travel A closed door.
Placed new exclusion.
Reduced exclusion size to a single square.
There is an open door here.
You open the door.
There is an open door here.
d - 2 scrolls of magic mapping (gained 1)
k - a scroll labelled LYAJOTAULA You now have 6 gold pieces.
You now have 20 gold pieces (gained 14).
i - 46 stones (gained 27)
i - 47 stones (gained 1)
You open the door.
An orc wizard comes into view. It is wielding a +0 dagger.
The orc wizard shouts!
An orc comes into view. It is wielding a +0 flail.
Found a bubbling yellow potion.
You close the door.
An orc wizard opens the door.
The orc wizard gestures at you while chanting.
The puff of flame hits you!
You take 8 damage, and have 10/18 hp.
MASSIVE DAMAGE!!
The orc wizard points at you and mumbles some strange words.
You are confused.
The orc wizard points at itself and mumbles some strange words.
The orc wizard flickers and vanishes!
Deactivating autopickup; reactivate with Ctrl-A.
You aren't carrying any potions.
You are too confused!
Unknown command.
Something hits you but does no damage.
You hear some strange, mumbled words.
A puff of flame appears from out of thin air!
The puff of flame hits you!
Ouch! That really hurt!
You die...

###........#
###........#.......#
.......###'#.......#
.......##..#.......#
...........#.......+
...........#.......#
.##..####..#.......#
.##..#######.......# .
..#..#.....+....@..# ..
..#..#.....#.......# ...
.######....#....{..# ....
.##..##....#.......# .!...
.'.........#.......#......
.#.........#.......'......
.########..#.......#......
.##..#######.......#...o..
...........#.......# .##.o


There were no monsters in sight!

Vanquished Creatures
  A giant cockroach (D:4)
  A quokka (D:4)
  A frilled lizard (D:5)
  A goblin skeleton (D:5)
  A goblin zombie (D:5)
  2 orc zombies (D:5)
7 creatures vanquished.

Notes
Turn   | Place    | Note
-------+----------+-------------------------------------------
     0 | D:5      | jasper the Demonspawn Delver began the quest for the Orb.
     0 | D:5      | Reached XP level 1. HP: 18/18 MP: 1/1
     3 | D:5      | Noticed a crimson imp
    70 | D:6      | Found a staircase to the Ecumenical Temple.
    70 | D:6      | Noticed an orc warrior
    70 | D:6      | Noticed an orc wizard
    70 | D:6      | Noticed an orc priest
    70 | D:6      | Noticed an electric eel
    70 | D:6      | Noticed an electric eel
   141 | D:5      | Noticed Dowan
   692 | D:4      | Found Deedwear's Book Emporium.
   843 | D:4      | Noticed an orc wizard
   857 | D:4      | Killed from afar by an orc wizard

Illustrated notes

Levels and vault maps discovered:
D:4:      layout_gridville, gammafunk_temple_overflow_elements, serial_shops,
          shop, kennysheep_orc_chapel
D:5:      layout_cave_pods, nicolae_tso_besieged_by_evil,
          nicolae_ossuary_entry_catacombs, uniq_duvessa
D:6:      layout_rooms, minmay_temple_entry_glass, nicolae_elemental_shop,
          minmay_door_square, chequers_big_river, nicolae_good_shop

Skill      XL: |  1 |
---------------+----+-----
Long Blades    | 2 |  2.3
Fighting       | |  3.0
Dodging        | |  1.7
Stealth        | |  4.5

Action                   || total
-------------------------++-------
Melee: Falchion          ||    57
Throw: Stone             ||     1
  Use: Potion            ||     2
       Scroll            ||     1
Armor: Leather armour    ||    19
Dodge: Dodged            ||    27
       Rpst.: Falchion   ||    12

Table legend: (Time is in decaauts)
 A = Elapsed time spent in this place.
 B = Non-inter-level travel time spent in this place.
 C = Inter-level travel time spent in this place.
 D = Time resting spent in this place.
 E = Time spent auto-exploring this place.
 F = Levels seen in this place.
 G = Mean time per level.
                   A        B        C        D        E       F      G
               +--------+--------+--------+--------+--------+-----+--------+
         Total |    863 |    863 |      0 |    413 |    235 |   3 |  287.7 |
       Dungeon |    863 |    863 |      0 |    413 |    235 |   3 |  287.7 |
               +--------+--------+--------+--------+--------+-----+--------+

Top non-repeatable levels by time:
     D:4: 710 daAuts
     D:5: 150 daAuts
     D:6: 1 daAuts
